AoeStats
← 听风昕宇

Arena

504486723Analyzed
4v4 RM · 27d ago on Sep 5, 2026· 50m 11s· 8 players
Game mode
Random Map
Map size
Large (8 player)
Population
200
Speed
Normal
Resources
Standard
Victory
Conquest
Starting age
Dark Age
Ending age
Imperial Age
RankedLock teamsTeams togetherTeam positionsShared explorationLock speedFull tech treeHidden civsTurbo modeCheats
Victory
Defeat
🇦🇷 Britons · Argentina
1747
+11
🇨🇳 Inca · China
1658
+14
🇪🇸 Portuguese · Spain
1624
+16
🇨🇳 Magyars · China
1514
+20
1635
-16
1631
-16
1621
-15
🇹🇼 Jurchens · Taiwan
1600
-14
[韓粉戰隊] 南飄賣菜郎
10:26 Feudal Age
12:10 Loom
14:28 Castle Age
13:03 Double-Bit Axe
13:49 Horse Collar
21:57 Loom
22:28 Bow Saw
25:24 Heavy Plow
29:05 Wheelbarrow
29:05 Fortified Wall
32:59 Imperial Age
30:46 Scale Mail Armor
31:58 Chemistry
31:56 Masonry
32:07 Ballistics
32:53 Hand Cart
32:24 Town Watch
32:37 Fletching
32:48 Padded Archer Armor
36:30 Elite Skirmisher
42:17 Pikeman
43:18 Squires
44:16 Chain Mail Armor
44:12 Forging
[韓粉戰隊] 跟著月亮走
8:30 Feudal Age
9:02 Double-Bit Axe
9:23 Horse Collar
13:38 Loom
15:49 Wheelbarrow
19:53 Castle Age
18:06 Gold Mining
18:23 Scale Barding Armor
19:07 Forging
19:15 Bloodlines
21:47 Chain Barding Armor
24:32 Iron Casting
27:02 Bow Saw
28:01 Heavy Plow
33:36 Imperial Age
31:23 Hand Cart
33:42 Gold Shaft Mining
33:40 Cavalier
34:56 Plate Barding Armor
35:22 Blast Furnace
37:45 Conscription
37:51 Paladin
43:38 Light Cavalry
45:38 Hussar
46:43 Pikeman
47:41 Scale Mail Armor
48:44 Squires
[韓粉戰隊] 台北庶民
9:48 Feudal Age
13:37 Castle Age
12:10 Double-Bit Axe
12:29 Horse Collar
14:33 Bow Saw
14:35 Heavy Plow
19:04 Wheelbarrow
19:18 Stone Mining
19:35 Gold Mining
21:33 Gold Shaft Mining
25:46 Imperial Age
23:23 Fletching
24:25 Ballistics
24:02 Bodkin Arrow
24:44 Padded Archer Armor
25:39 Loom
26:11 Hand Cart
26:38 Bracer
27:42 Chemistry
27:34 Leather Archer Armor
28:23 Two-Man Saw
29:57 Curare
33:35 Ring Archer Armor
32:58 Champi Runner
33:39 Squires
33:40 Scale Mail Armor
34:36 Caciques
33:53 Champi Warrior
37:17 Chain Mail Armor
36:24 Elite Champi Warrior
38:35 Forging
45:28 Elite Skirmisher
曰毛
10:47 Feudal Age
14:31 Castle Age
12:50 Double-Bit Axe
12:53 Horse Collar
15:24 Bow Saw
15:14 Heavy Plow
21:52 Wheelbarrow
23:19 Gold Mining
23:42 Stone Mining
28:22 Imperial Age
25:38 Loom
26:00 Padded Archer Armor
27:07 Gold Shaft Mining
27:07 Stone Shaft Mining
28:06 Hand Cart
27:37 Town Watch
28:21 Ballistics
27:42 Treadmill Crane
30:10 Thunderclap Bombs
32:04 Chemistry
31:28 Leather Archer Armor
33:08 Ring Archer Armor
32:45 Siege Engineers
33:30 Coinage
33:28 Fletching
36:05 Banking
35:36 Caravan
35:47 Guilds
37:25 Elite Skirmisher
38:21 Arrowslits
38:27 Guard Tower
38:48 Masonry
38:49 Fortified Wall
39:16 Bodkin Arrow
41:39 Conscription
45:54 Arson
46:09 Squires
47:48 Bracer
47:54 Scale Barding Armor
49:11 Husbandry
49:22 Bloodlines
钢铁直男
10:05 Feudal Age
13:44 Castle Age
11:59 Double-Bit Axe
12:21 Horse Collar
15:41 Bow Saw
15:37 Heavy Plow
19:45 Bow Saw
20:49 Wheelbarrow
20:12 Loom
20:43 Gold Mining
20:45 Champi Runner
22:04 Scale Mail Armor
21:45 Champi Warrior
23:11 Forging
23:18 Hand Cart
23:18 Squires
24:43 Arson
25:35 Iron Casting
26:54 Gold Shaft Mining
26:23 Stone Mining
28:51 Chain Mail Armor
31:44 Imperial Age
29:00 Town Watch
31:29 Fletching
32:02 Ballistics
32:35 Coinage
32:55 Conscription
33:07 Plate Mail Armor
32:11 Elite Champi Warrior
33:32 Fabric Shields
33:31 Bodkin Arrow
34:43 Blast Furnace
35:11 Bracer
36:11 Padded Archer Armor
37:13 Chemistry
37:30 Leather Archer Armor
38:32 Ring Archer Armor
39:19 Banking
40:05 Thumb Ring
43:13 Andean Sling
44:57 Masonry
44:28 Treadmill Crane
45:34 Capped Ram
46:43 Siege Ram
47:37 Elite Skirmisher
49:14 Town Patrol
犹大sama
10:41 Feudal Age
11:39 Double-Bit Axe
15:06 Castle Age
13:31 Horse Collar
15:10 Gold Mining
16:34 Bow Saw
17:35 Wheelbarrow
21:59 Scale Barding Armor
26:22 Chain Barding Armor
27:08 Bloodlines
27:09 Stone Mining
27:56 Loom
28:52 Hand Cart
30:02 Husbandry
34:27 Imperial Age
31:43 Town Watch
33:30 Gold Shaft Mining
33:56 Corvinian Army
35:49 Plate Barding Armor
34:55 Elite Magyar Huszar
37:37 Fletching
38:28 Coinage
41:16 Bodkin Arrow
41:38 Recurve Bow
41:40 Padded Archer Armor
42:21 Banking
43:03 Ballistics
44:19 Conscription
45:57 Leather Archer Armor
46:32 Heavy Plow
47:14 Bracer
48:02 Parthian Tactics
47:50 Thumb Ring
48:37 Ring Archer Armor
50:06 Chemistry
50:31 Hoardings
49:41 Heavy Cavalry Archer
50:47 Siege Engineers
沉香
11:57 Feudal Age
12:29 Double-Bit Axe
12:33 Horse Collar
15:27 Castle Age
16:34 Bow Saw
18:04 Wheelbarrow
18:02 Loom
18:33 Town Watch
22:27 Hand Cart
22:06 Gold Mining
26:57 Imperial Age
24:43 Stone Mining
28:42 Chemistry
28:02 Masonry
32:09 Siege Engineers
32:25 Ballistics
32:53 Stone Shaft Mining
31:48 Elite Organ Gun
33:46 Conscription
35:17 Fletching
35:28 Padded Archer Armor
36:05 Bodkin Arrow
36:28 Arquebus
35:59 Elite Skirmisher
36:44 Thumb Ring
37:08 Conscription
37:19 Bracer
37:35 Leather Archer Armor
39:35 Caravan
42:46 Ring Archer Armor
43:39 Guilds
44:09 Bombard Tower
43:46 Murder Holes
46:06 Architecture
45:17 Treadmill Crane
46:54 Coinage
48:05 Banking
47:28 Heated Shot
47:50 Fortified Wall
听风昕宇
10:29 Feudal Age
14:36 Castle Age
12:55 Double-Bit Axe
16:10 Bow Saw
17:27 Wheelbarrow
20:34 Horse Collar
23:35 Hand Cart
23:18 Loom
24:07 Fletching
25:12 Bodkin Arrow
30:01 Imperial Age
28:05 Padded Archer Armor
28:45 Ballistics
29:18 Leather Archer Armor
28:46 Treadmill Crane
29:18 Masonry
30:08 Town Watch
30:44 Bracer
31:47 Chemistry
31:18 Architecture
31:09 Heavy Plow
31:22 Gold Mining
31:57 Conscription
32:20 Ring Archer Armor
33:01 Elite Longbowman
37:17 Gold Shaft Mining
36:32 Stone Mining
37:08 Guilds
38:02 Yeomen
37:51 Siege Engineers
39:18 Coinage
39:07 Caravan
39:45 Guard Tower
39:53 Murder Holes
41:14 Two-Man Saw
41:29 Banking
42:16 Keep
42:20 Arrowslits
44:01 Pikeman
44:26 Halberdier
45:08 Squires
45:19 Scale Mail Armor
46:35 Warwolf
47:39 Chain Mail Armor
47:39 Forging
50:08 Plate Mail Armor
50:15 Iron Casting
49:33 Arson
Connection lost

Rejoining the realm…

Still unreachable

The connection could not be restored.

Session expired

The server has moved on; the page needs a fresh start.